 Dungeon Crawl Stone Soup version 0.25.0 (webtiles) character file.

Game seed: 16704096602926140297

30 dorian the Shield-Bearer (level 3, -2/23 HPs)
             Began as a Gargoyle Fighter on June 12, 2020.
             Killed from afar by Sigmund (7 damage)
             ... with a magic dart
             ... on level 2 of the Dungeon.
             The game lasted 00:01:03 (998 turns).

dorian the Shield-Bearer (Gargoyle Fighter)          Turns: 998, Time: 00:01:03

Health: -2/23      AC: 10    Str: 20    XL:     3   Next: 20%
Magic:  3/3        EV:  7    Int:  8    God:
Gold:   21         SH:  9    Dex:  9    Spells: 2/2 levels left

rFire    . . .     SeeInvis .   a - +0 war axe
rCold    . . .     Gourm    .   c - +0 kite shield
rNeg     + . .     Faith    .   b - +0 scale mail
rPois    ∞         Spirit   .   (no helmet)
rElec    +         Reflect  .   (no cloak)
rCorr    .         Harm     .   (no gloves)
MR       .....                  (no boots)
Stlth    ..........             (no amulet)
HPRegen  0.07/turn              (no ring)
MPRegen  0.08/turn              (no ring)

@: mighty
A: negative energy resistance 1, electricity resistance, unbreathing,
petrification resistance, rot immunity, AC +3
a: no special abilities


You were on level 2 of the Dungeon.
You were not hungry.

You visited 1 branch of the dungeon, and saw 2 of its levels.

You collected 21 gold pieces.

Inventory:

Hand Weapons
 a - a +0 war axe (weapon)
Missiles
 m - 6 javelins (quivered)
Armour
 b - a +0 scale mail (worn)
 c - a +0 kite shield (worn)
Scrolls
 h - 2 scrolls of amnesia {unknown}
 j - 2 scrolls of identify {unknown}
 k - a scroll of enchant weapon {unknown}
 l - 2 scrolls of remove curse {unknown}
Potions
 e - a potion of lignification {unknown}
 g - a potion of curing {unknown}
Comestibles
 f - 4 rations
 i - 6 chunks of flesh


   Skills:
 - Level 3.2 Fighting
 * Level 2.6 Axes
 + Level 3.6 Armour
 + Level 3.7 Shields


You had 2 spell levels left.
You didn't know any spells.
Your spell library was empty.

Dungeon Overview and Level Annotations

Branches:
Dungeon (2/15)

Altars:

Annotations:
D:2 Sigmund


Innate Abilities, Weirdness & Mutations

You are resistant to torment.
Your stone body is resilient. (AC +3)
You are immune to poison.
You resist negative energy. (rN+)
You are resistant to electric shocks. (rElec)
You can survive without breathing.
You are immune to petrification.
You are immune to rotting.


Message History

h - 2 scrolls labeled PAOWIU HEMPA (gained 1) Sigmund the Dreaded comes into view.
He is wielding a +0 scythe.
Sigmund shouts!
Sigmund points at you and mumbles some strange words.
The puff of flame hits you!
Sigmund is nearby!
Sigmund is nearby!
Sigmund points at you and mumbles some strange words.
You are confused.
You are too confused!
You are too confused!
You are too confused!
Sigmund hits you with a +0 scythe!
* * * LOW HITPOINT WARNING * * *
Sigmund barely misses you.
You bump into the rock wall.
You feel very mighty all of a sudden.
You feel less confused. Sigmund gestures at you while chanting.
The magic dart hits you!
You die...

.............. ..
.............. ..
#######....... ..
#....... #. #.......
#.###########.....#+
#.#...............#.
##.#.#.........#.....
#...@#.....)...##÷.##
#.@###.##...#####...#
#.. #.##.#.# ###.#
#.. #....#.# .# #..
######.# # #.. #.#
##. ... #. #.. ...


You could see Sigmund.

Vanquished Creatures
  A gnoll (D:1)
  A worm (D:2)
  A leopard gecko (D:1)
  4 goblins
  3 hobgoblins (D:1)
  3 kobolds
  2 bats
  2 rats (D:1)
17 creatures vanquished.

Notes
Turn   | Place    | Note
-------+----------+-------------------------------------------
     0 | D:1      | dorian the Gargoyle Fighter began the quest for the Orb.
     0 | D:1      | Reached XP level 1. HP: 14/14 MP: 1/1
    64 | D:1      | Reached XP level 2. HP: 7/19 MP: 2/2
   836 | D:2      | Reached XP level 3. HP: 18/23 MP: 3/3
   991 | D:2      | Noticed Sigmund
   998 | D:2      | Killed from afar by Sigmund

Illustrated notes

Levels and vault maps discovered:
D:1:      wander_arrival_fairy_ring, layout_loops_cross
D:2:      layout_basic, okawaru_ov_weapons_minmay, minmay_tromino_i2,
          uniq_sigmund, uniq_crazy_yiuf_cottage

Skill      XL: |  1 |
---------------+----+-----
Axes           | 2 |  2.6
Fighting       | |  3.2
Armour         | |  3.6
Shields        | |  3.7

Action                   || total
-------------------------++-------
Melee: War axe           ||    69
  Use: Potion            ||     1
Armor: Scale mail        ||    46
Dodge: Dodged            ||    20
Block: Kite shield       ||    27
